 Dungeon Crawl Stone Soup version 0.31-a0-1-g4198be8af4 (webtiles) character file.

Game seed: 10954791144019426809

43 Mickster the Chopper (level 3, 0/49 HPs)
             Began as a Hill Orc Berserker on May 1, 2023.
             Was a Follower of Trog.
             Succumbed to an adder's poison
             ... on level 2 of the Dungeon.
             The game lasted 00:04:58 (618 turns).

Mickster the Chopper (Hill Orc Berserker)            Turns: 618, Time: 00:04:58

Health: 0/49       AC:  2    Str: 19 (21) XL:     3   Next: 58%
Magic:  3/3        EV: 11    Int:  6 (7)  God:    Trog [*.....]
Gold:   66         SH:  0    Dex:  8 (10) Spells: 2/2 levels left

rFire   . . .        a - +0 hand axe
rCold   . . .        (no shield)
rNeg    . . .        b - +0 animal skin
rPois   .            (no helmet)
rElec   .            (no cloak)
rCorr   .            (no gloves)
SInv    .            (no boots)
Will    .....        (no amulet) Stlth
                     (no ring)
HPRegen 0.28/turn    (no ring)
MPRegen 0.08/turn

%: no passive effects
@: berserking (expiring), lethally poisoned (0 -> -11), very quick
A: no striking features
a: Renounce Religion, Berserk


You were on level 2 of the Dungeon.
You worshipped Trog.
Trog was aware of your devotion.
You visited 1 branch of the dungeon, and saw 2 of its levels.

You collected 66 gold pieces.

Inventory:

Hand Weapons
 a - a +0 hand axe (weapon)
Missiles
 h - 2 poisoned darts (quivered)
Armour
 b - a +0 animal skin (worn)
Jewellery
 d - a ring of magical power
Scrolls
 c - a scroll of fear
Potions
 e - a potion of cancellation
 f - a potion of attraction {unknown}


   Skills:
 + Level 4.3 Fighting
 + Level 4.9 Axes
 + Level 2.5 Armour
 + Level 1.7 Dodging


You had 2 spell levels left.
You didn't know any spells.
Your spell library was empty.

Dungeon Overview and Level Annotations

Branches:
Dungeon (1/15)

Altars:


Message History

You feel sick. The adder closely misses you. The adder barely misses you.
You miss the adder.
The adder is heavily wounded.
You feel sick. The adder bites you.
You are more poisoned.
The adder poisons you!
You barely miss the adder.
The adder is heavily wounded.
You feel sick. The adder bites you but does no damage.
You closely miss the adder.
The adder is heavily wounded.
You feel sick. The adder bites you. x2
You barely miss the adder.
The adder is moderately wounded.
You feel sick. The adder bites you but does no damage.
You hit the adder.
The adder is severely wounded.
You feel sick. The adder bites you.
You are more poisoned.
The adder poisons you! The adder bites you.
* * * LOW HITPOINT WARNING * * *
You are more poisoned.
The adder poisons you!
A red film seems to cover your vision as you go berserk!
You feel yourself moving faster!
You feel mighty!
* * * LOW HITPOINT WARNING * * *
You feel very sick. The adder bites you.
* * * LOW HITPOINT WARNING * * *
You are more poisoned.
The adder poisons you!
You slash the adder!
You kill the adder!
Trog accepts your kill.
* * * LOW HITPOINT WARNING * * *
You feel very sick.
* * * LOW HITPOINT WARNING * * *
You feel sick.
You feel a strong urge to attack something.
You die...

##........####...#.. ..
#........# #.#.... #.
#.#####.## #.##.#.
......?##.#####>#....
#.#..#.##..##.....#..
#..#.#.###...........
####.#.#..##......####.
#.......#.#....#.## #.
#.....@..........# #.
#[......#........# #.
#####...##..#.#..# #.
###.........######.
##...............
######.......#.......
#............#...###.
#...##....#.#..#..##>
###..(....รท....##.##.


There were no monsters in sight!

Vanquished Creatures
  3 adders (D:2)
  A worm (D:2)
  2 endoplasms (D:2)
  2 hobgoblins (D:2)
  A quokka (D:2)
  A bat (D:2)
  2 frilled lizards (D:2)
  A kobold (D:2)
  2 rats (D:2)
15 creatures vanquished.

Notes
Turn   | Place    | Note
-------+----------+-------------------------------------------
     0 | D:1      | Mickster the Hill Orc Berserker began the quest for the
                  | Orb.
     0 | D:1      | Reached XP level 1. HP: 19/19 MP: 1/1
    31 | D:1      | You fall into a shaft and drop 1 floor!
    38 | D:2      | Reached XP level 2. HP: 27/27 MP: 2/2
   294 | D:2      | Reached XP level 3. HP: 31/33 MP: 3/3
   617 | D:2      | HP: 2/49 [poisoned by an adder]
   618 | D:2      | Succumbed to an adder's poison

Illustrated notes

Levels and vault maps discovered:
D:1:      lemuel_arrival_rhombus, layout_basic, serial_forest,
          infiniplex_forest_corner_1, infiniplex_forest_diagonal,
          infiniplex_forest_fountain, infiniplex_forest_straight_2,
          infiniplex_forest_clump_double, infiniplex_forest_clump_diagonal,
          hangedman_decor_opposing
D:2:      layout_rooms

Skill      XL: |  1  2 |
---------------+-------+-----
Fighting       | 4 |  4.3
Axes           | |  4.9
Armour         | |  2.5
Dodging        | |  1.7

Action                     || total
---------------------------++-------
  Melee: Hand axe          ||    43
         Punch             ||     1
 Invoke: Berserk           ||     2
    Use: Scroll            ||     3
         Potion            ||     4
 Armour: Animal skin       ||    11
  Dodge: Dodged            ||    24

Table legend: (Time is in decaauts)
 A = Elapsed time spent in this place.
 B = Non-inter-level travel time spent in this place.
 C = Inter-level travel time spent in this place.
 D = Time resting spent in this place.
 E = Time spent auto-exploring this place.
 F = Levels seen in this place.
 G = Mean time per level.
                   A        B        C        D        E       F      G
               +--------+--------+--------+--------+--------+-----+--------+
         Total |    624 |    624 |      0 |    177 |      0 |   2 |  312.0 |
       Dungeon |    624 |    624 |      0 |    177 |      0 |   2 |  312.0 |
               +--------+--------+--------+--------+--------+-----+--------+

Top non-repeatable levels by time:
     D:2: 593 daAuts
     D:1: 31 daAuts
